 Dungeon Crawl Stone Soup version 0.26-a0-1147-g3780a7a11b (webtiles) character file.

Game seed: 12219430419108784263

520 gruber the Firebug (level 7, -6/46 HPs)
             Began as a Demonspawn Fire Elementalist on Dec 22, 2020.
             Mangled by an ice beast (9 damage)
             ... on level 5 of the Dungeon.
             The game lasted 00:05:40 (4704 turns).

gruber the Firebug (Demonspawn Fire Elementalist)   Turns: 4704, Time: 00:05:41

Health: -6/46      AC:  4    Str:  8    XL:     7   Next: 1%
Magic:  8/10       EV: 12    Int: 19    God:
Gold:   311        SH:  0    Dex: 13    Spells: 6/10 levels left

rFire    . . .     SeeInvis .   l - -2 dagger (curse)
rCold    . . .     Faith    .   (no shield)
rNeg     . . .     Spirit   .   a - +0 robe
rPois    .         Reflect  .   o - +0 helmet
rElec    .         Harm     .   r - scarf {shadows}
rCorr    .         Rampage  .   (no gloves)
Will     .....                  (no boots)
Stlth    ++........             (no amulet)
HPRegen  0.15/turn              (no ring)
MPRegen  0.12/turn              (no ring)

@: very slightly contaminated
A: talons 1, powered by pain 1, sharp scales 1
a: no special abilities


You were on level 5 of the Dungeon.
You visited 1 branch of the dungeon, and saw 4 of its levels.

You collected 311 gold pieces.

Inventory:

Hand Weapons
 l - a cursed -2 dagger (weapon)
Armour
 a - a +0 robe (worn)
 o - a +0 helmet (worn)
 p - a +0 cloak
 r - a scarf of shadows (worn)
Scrolls
 b - 5 scrolls of remove curse {unknown}
 c - 5 scrolls of identify {unknown}
 f - a scroll of enchant weapon {unknown}
 g - a scroll of noise {unknown}
 h - a scroll of enchant armour {unknown}
 j - 2 scrolls of fog {unknown}
 n - a scroll of magic mapping {unknown}
 q - a scroll of blinking {unknown}
Potions
 d - a potion of ambrosia {unknown}
 e - a potion of berserk rage {unknown}
 i - a potion of flight {unknown}
 k - 2 potions of heal wounds {unknown}
 m - a potion of might {unknown}


   Skills:
 - Level 1.7 Dodging
 - Level 1.7 Stealth
 - Level 2.0 Spellcasting
 - Level 3.0 Conjurations
 * Level 6.8 Fire Magic


You had 6 spell levels left.
You knew the following spells:

 Your Spells              Type           Power        Failure   Level
a - Foxfire               Conj/Fire      40%          2%          1
b - Conjure Flame         Conj/Fire      10%          7%          3

Your spell library contained the following spells:

 Spells                   Type           Power        Failure   Level
 Inner Flame              Hex/Fire       7%           13%         3
 Sticky Flame             Conj/Fire      10%          22%         4
 Fireball                 Conj/Fire      5%           54%         5


Dungeon Overview and Level Annotations

Branches:
Dungeon (3/15)             Temple (0/1) D:5

Altars:
Cheibriados
Uskayaw
Wu Jian


Innate Abilities, Weirdness & Mutations

You have sharp toenails.
You sometimes gain a little power by taking damage.
You are partially covered in razor-sharp scales. (AC +1, Slay +1)


Message History

The ice beast freezes you!
Unknown command.
Unknown command.
Casting: Foxfire (safe; 2% risk of failure)
Confirm with . or Enter, or press ? or * to list all spells.
You feel a numb sensation.
You miscast Foxfire.
You are very lightly contaminated with residual magic.
Nothing appears to happen.
The foxfire hits the ice beast!
The ice beast melts!
The ice beast is almost dead.
The foxfire hits the ice beast but does no damage.
The ice beast is almost dead.
The ice beast hits you. The ice beast freezes you!
* * * LOW HITPOINT WARNING * * *
Unknown command.
Casting: Foxfire (safe; 2% risk of failure)
Confirm with . or Enter, or press ? or * to list all spells.
You feel a numb sensation.
You conjure some foxfire!
The ice beast hits you.
* * * LOW HITPOINT WARNING * * *
The ice beast freezes you!
You die...

<.. #.†......
.§
...####..⌠...⌠.
. #...........[
§ ###v#........
.≈ #.##.##.##
..≈ #.##.#..#
#.≈ #...s..# .
≈ ####Y#######
≈ #@v)..... .
...###v.#...#..
#
#.............
##
...####........
.. # #........
.. #.#...#.. .#
#........
##.>.### #.###


You could see an ice beast and a scorpion.

Vanquished Creatures
  A water moccasin (D:5)
  A centaur (D:5)
  A hound (D:5)
  An orc priest (D:3)
  An orc wizard (D:2)
  Jessica (D:3)
  Natasha (thrice) (D:3)
  3 gnolls (D:3)
  6 adders
  An ooze (D:1)
  A worm (D:2)
  2 dart slugs (D:1)
  A leopard gecko (D:1)
  6 orcs (D:3)
  4 giant cockroaches
  6 goblins
  7 hobgoblins
  2 kobolds (D:2)
  3 quokkas
  3 bats
  2 frilled lizards
  A leopard gecko skeleton (D:5)
  6 rats
63 creatures vanquished.

Vanquished Creatures (collateral kills)
  2 foxfires (D:3)
2 creatures vanquished.

Vanquished Creatures (others)
  307 foxfires
  5 toadstools (D:1)
312 creatures vanquished.

Grand Total: 377 creatures vanquished

Notes
Turn   | Place    | Note
-------+----------+-------------------------------------------
     0 | D:1      | gruber the Demonspawn Fire Elementalist began the quest for
                  | the Orb.
     0 | D:1      | Reached XP level 1. HP: 13/13 MP: 3/3
   467 | D:1      | Gained mutation: You are partially covered in razor-sharp
                  | scales. (AC +1, Slay +1) [demonic ancestry]
   467 | D:1      | Reached XP level 2. HP: 8/19 MP: 0/5
  1510 | D:1      | Gained mutation: You sometimes gain a little power by
                  | taking damage. [demonic ancestry]
  1510 | D:1      | Reached XP level 3. HP: 24/24 MP: 3/6
  1701 | D:2      | Reached skill level 3 in Fire Magic
  2243 | D:2      | Reached XP level 4. HP: 26/30 MP: 3/7
  2478 | D:2      | Found a faded altar of an unknown god.
  2648 | D:3      | Noticed Natasha
  2668 | D:2      | Reached skill level 4 in Fire Magic
  2723 | D:2      | Learned a level 3 spell: Conjure Flame
  2938 | D:3      | Killed Natasha
  2939 | D:3      | Gained mutation: You have sharp toenails. [demonic
                  | ancestry]
  2939 | D:3      | Reached XP level 5. HP: 28/35 MP: 2/8
  3593 | D:3      | Reached skill level 5 in Fire Magic
  3818 | D:3      | Found a hide-covered altar of Uskayaw.
  3984 | D:3      | Noticed Natasha
  3989 | D:3      | Killed Natasha
  4053 | D:3      | Found a snail-covered altar of Cheibriados.
  4063 | D:3      | Noticed Natasha
  4068 | D:3      | Killed Natasha
  4069 | D:3      | Reached XP level 6. HP: 31/41 MP: 4/9
  4156 | D:3      | Noticed Jessica
  4162 | D:3      | Killed Jessica
  4272 | D:3      | You fall into a shaft and drop 2 floors!
  4272 | D:5      | Entered Level 5 of the Dungeon
  4278 | D:5      | Noticed a water moccasin
  4281 | D:5      | Reached skill level 6 in Fire Magic
  4286 | D:5      | Killed a water moccasin
  4455 | D:5      | Found an ornate altar of the Wu Jian Council.
  4507 | D:5      | Noticed a sky beast
  4539 | D:5      | Reached XP level 7. HP: 46/46 MP: 4/10
  4683 | D:5      | Found a staircase to the Ecumenical Temple.
  4704 | D:5      | Mangled by an ice beast

Illustrated notes

Levels and vault maps discovered:
D:1:      dpeg_arrival_round_b, layout_basic, minmay_gold_behind_fungi,
          hangedman_decor_push, st_stairs_10, minmay_tripent
D:2:      layout_rooms, chequers_ecumenical_altar_grove
D:3:      layout_loops_corners, overflow_temple_1_default, lemuel_doored_altar,
          lightli_temple_of_fire, serial_bayou_crossing, uniq_jessica,
          uniq_natasha
D:5:      layout_loops_cross, general_overflow_altar,
          minmay_temple_entry_large_hall

Skill      XL: |  1  2  3  4  5  6 |
---------------+-------------------+-----
Conjurations   | 2 3 |  3.0
Fire Magic     | 3 4 5 6 |  6.8
Dodging        | |  1.7
Stealth        | |  1.7
Spellcasting   | |  2.0

Action                   |  1- 3 |  4- 6 |  7- 9 || total
-------------------------+-------+-------+-------++-------
Melee: Unarmed           |    15 |       |       ||    15
 Cast: Foxfire           |    74 |    94 |    15 ||   183
Armor: Robe              |     5 |     3 |     2 ||    10
Dodge: Dodged            |    19 |    12 |     3 ||    34

Table legend: (Time is in decaauts)
 A = Elapsed time spent in this place.
 B = Non-inter-level travel time spent in this place.
 C = Inter-level travel time spent in this place.
 D = Time resting spent in this place.
 E = Time spent auto-exploring this place.
 F = Levels seen in this place.
 G = Mean time per level.
                   A        B        C        D        E       F      G
               +--------+--------+--------+--------+--------+-----+--------+
         Total |   4709 |   4568 |    141 |      0 |   3976 |   4 | 1177.2 |
       Dungeon |   4709 |   4568 |    141 |      0 |   3976 |   4 | 1177.2 |
               +--------+--------+--------+--------+--------+-----+--------+

Top non-repeatable levels by time:
     D:1: 1705 daAuts
     D:3: 1526 daAuts
     D:2: 1046 daAuts
     D:5: 431 daAuts
